 Dungeon Crawl Stone Soup version 0.32-a0-913-g739538a (webtiles) character file.

Game seed: 1300090397888508502

144479 spidder the Fetichist (level 17, -1/138 HPs)
             Began as a Coglin Gladiator on Apr 5, 2024.
             Was a High Priest of Ashenzari.
             Slain by an orc warlord
             ... wielding a +5 great sword of flaming
              (5 damage)
             ... on level 3 of the Vaults on Apr 9, 2024.
             The game lasted 01:23:15 (21212 turns).

spidder the Fetichist (Coglin Gladiator)           Turns: 21212, Time: 01:23:17

Health: -1/138     AC: 31    Str: 17    XL:     17   Next: 40%
Magic:  5/17       EV: 20    Int:  8    God:    Ashenzari [*****.]
Gold:   1908       SH:  0    Dex: 19    Spells: 16/16 levels left

rFire   + . .        D - +2 scimitar (freeze) {Diego}
rCold   . . .        y - +1 scimitar "Lethargy of Ashenzari" {protect, Qinisela, Cun, Melee} (curse)
rNeg    . . .        H - +0 acid dragon scales of the Sidereal Annoyance {rCorr, Melee, Dev} (curse)
rPois   +            z - +2 hat of the Tethered Cosmos {Melee, Dev} (curse)
rElec   .            Z - +2 cloak "Alaob" {rPois Regen+ Dex-2 SInv}
rCorr   +            u - +0 pair of gloves of the Cursed Firmament {Dev, Fort} (curse)
SInv    +            h - +0 pair of boots of Ashenzari's Fallacy {Dev, Fort} (curse)
Will    +....        (amulet unavailable)
Stlth   +            (ring unavailable)
HPRegen 1.23/turn    (ring unavailable)
MPRegen 0.15/turn    Y - actuated assembler {RevParry, rPois rCorr Slay+3}

%: clarity
@: under a protective aura, revved
A: off-hand wielding, slow wielding, warmup strikes, no jewellery, fire
resistance 1
a: Renounce Religion, Curse Item, Shatter the Chains


You were on level 3 of the Vaults.
You worshipped Ashenzari.
Ashenzari was extremely pleased with you.
You visited 4 branches of the dungeon, and saw 21 of its levels.

You collected 1908 gold pieces.

Inventory:

Hand Weapons
 a - a +1 long sword {Suphaphon}
 f - a +0 dagger {Gerda}
 p - a +0 scythe
 y - the cursed +1 scimitar "Lethargy of Ashenzari" (offhand) {protect, Qinisela, Cun, Melee}
   (You took it off an orc on level 5 of the Dungeon)

   It has a curse which improves the following skills: Cunning: Dodging and
   Stealth.
   Melee Combat: Short Blades, Long Blades, Axes, Maces & Flails, Polearms,
   Staves and Unarmed Combat.
 D - a +2 scimitar of freezing (weapon) {Diego}
Missiles
 d - 3 throwing nets (quivered)
 e - 9 javelins
Armour
 b - a +0 leather armour
 c - a +0 helmet
 h - the cursed +0 pair of boots of Ashenzari's Fallacy (worn) {Dev, Fort}
   (You found it on level 1 of the Dungeon)

   It has a curse which improves the following skills: Devices: Evocations and
   Shapeshifting.
   Fortitude: Armour and Shields.
 i - a +2 hat
 j - a +0 ring mail
 n - a +0 plate armour
 r - a +1 cloak
 u - the cursed +0 pair of gloves of the Cursed Firmament (worn) {Dev, Fort}
   (You found it on level 5 of the Dungeon)

   It has a curse which improves the following skills: Devices: Evocations and
   Shapeshifting.
   Fortitude: Armour and Shields.
 z - the cursed +2 hat of the Tethered Cosmos (worn) {Melee, Dev}
   (You found it on level 6 of the Dungeon)

   It has a curse which improves the following skills: Melee Combat: Short
   Blades, Long Blades, Axes, Maces & Flails, Polearms, Staves and Unarmed
   Combat.
   Devices:   Evocations and Shapeshifting.
 E - a +0 scale mail
 H - the cursed +0 acid dragon scales of the Sidereal Annoyance (worn) {rCorr, Melee, Dev}
   (You found it on level 9 of the Dungeon)

   rCorr:     It protects you from acid and corrosion.
   It has a curse which improves the following skills: Melee Combat: Short
   Blades, Long Blades, Axes, Maces & Flails, Polearms, Staves and Unarmed
   Combat.
   Devices:   Evocations and Shapeshifting.
 R - the +2 chain mail of Gaepluad {rF- Dex+4}
   (You found it on level 1 of the Vaults)

   Dex+4:     It affects your dexterity (+4).
   rF-:       It makes you vulnerable to fire.
 Z - the +2 cloak "Alaob" (worn) {rPois Regen+ Dex-2 SInv}
   (You acquired it on level 15 of the Dungeon)

   Dex-2:     It affects your dexterity (-2).
   rPois:     It protects you from poison.
   SInv:      It lets you see invisible.
   Regen+:    It increases your rate of health regeneration.
Gizmo
 Y - an actuated assembler (installed) {RevParry, rPois rCorr Slay+3}
   (You invented it yourself on level 13 of the Dungeon)

   [actuated assembler]

   RevParry:  Your AC increases as you Rev (up to +5) and while fully Revved,
   your attacks may disarm enemies.
   Slay+3:    It affects your accuracy & damage with ranged weapons and melee
   (+3).
   rPois:     It protects you from poison.
   rCorr:     It protects you from acid and corrosion.
Talismans
 M - a talisman of death
Wands
 o - a wand of flame (50)
 q - a wand of warping (17)
 v - a wand of quicksilver (10)
 B - a wand of mindburst (7)
 U - a wand of paralysis (3)
 X - a wand of polymorph (7)
Scrolls
 l - 2 scrolls of revelation
 A - 3 scrolls of teleportation
 G - 8 scrolls of fog
 I - a scroll of amnesia
 Q - a scroll of enchant armour
 S - 4 scrolls of vulnerability
 V - a scroll of poison
 W - a scroll of fear
Potions
 g - 9 potions of degeneration
 k - 5 potions of enlightenment
 s - a potion of resistance
 t - a potion of lignification
 w - 2 potions of attraction
 x - a potion of mutation
 C - 6 potions of haste
 J - 3 potions of curing
 K - a potion of berserk rage
 N - 2 potions of brilliance
 O - a potion of ambrosia
 P - 4 potions of magic
 T - 2 potions of cancellation
Miscellaneous
 m - a sack of spiders (inert)
 F - a lightning rod (4/4)


   Skills:
 + Level 13.9 Fighting
 + Level 16.4(20.4) Long Blades
 - Level 1.7 Throwing
 + Level 12.6(15.7) Armour
 + Level 12.8(14.9) Dodging
 + Level 16.8(21.6) Evocations


You had 16 spell levels left.
You didn't know any spells.
Your spell library contained the following spells:

 Spells                   Type           Power      Damage    Failure   Level
 Apportation              Tloc           0%         N/A       47%         1
 Shock                    Conj/Air       0%         1d3       47%         1
 Slow                     Hex            0%         N/A       47%         1
 Sting                    Conj/Alch      0%         1d3       47%         1
 Call Imp                 Summ           0%         N/A       63%         2
 Jinxbite                 Hex            0%         N/A       63%         2
 Mercury Vapours          Alch/Air       0%         N/A       63%         2
 Sublimation of Blood     Necr           0%         N/A       63%         2
 Confusing Touch          Hex            0%         N/A       85%         3
 Frozen Ramparts          Ice            0%         1d1       85%         3
 Ozocubu's Armour         Ice            0%         N/A       85%         3
 Swiftness                Air            0%         N/A       85%         3
 Vampiric Draining        Necr           0%         2d6       85%         3
 Airstrike                Air            0%         2d(0-16)  99%         4
 Animate Dead             Necr           0%         N/A       99%         4
 Olgreb's Toxic Radiance  Alch           0%         N/A       99%         4
 Passage of Golubria      Tloc           0%         N/A       99%         4
 Petrify                  Alch/Erth      0%         N/A       99%         4
 Alistair's Intoxication  Alch           0%         N/A       100%        5
 Metabolic Englaciation   Hex/Ice        0%         N/A       100%        5
 Silence                  Hex/Air        0%         N/A       100%        5
 Starburst                Conj/Fire      0%         6d3       100%        6
 Haunt                    Necr/Summ      0%         N/A       100%        7
 Summon Hydra             Summ           0%         N/A       100%        7
 Ignition                 Fire           0%         3d3       100%        8
 Infestation              Necr           0%         N/A       100%        8
 Lehudib's Crystal Spear  Conj/Erth      0%         10d2      100%        8


Dungeon Overview and Level Annotations

Branches:
Dungeon (15/15)            Temple (0/1) D:7            Lair (2/5) D:9
    Orc (1/2) D:10         Vaults (3/5) D:13         Depths (0/4) D:15
  Swamp: Lair:2-3    Shoals: Lair:2-3     Snake: Lair:2-3    Spider: Lair:2-3
  Crypt: Vaults:2-3

Altars:
Ashenzari
Kikubaaqudgha
Okawaru
Qazlal
Wu Jian
Yredelemnul
The Shining One

Shops:
D:7 ?   D:9 (   Vaults:2 (


Innate Abilities, Weirdness & Mutations

You can wield a second weapon in your off-hand.
It takes a long time for you to wield or remove held weapons.
Your first few attacks do less damage.
You cannot equip rings or amulets.
Your flesh is heat resistant. (rF+)


Message History

You freeze the purple very ugly thing.
You kill the purple very ugly thing!
You closely miss the orc knight with your +2 scimitar of freezing.
The orc knight is almost dead.
You slice the orc knight with the cursed +1 scimitar "Lethargy of Ashenzari"!!
You kill the orc knight!
You hit the orc warlord but do no damage.
You slash the orc warlord with the cursed +1 scimitar "Lethargy of Ashenzari"!
The ironbound preserver is recalled.
The deep troll is recalled.
The vampire mage is recalled.
An ironbound preserver comes into view.
It is wielding a +0 morningstar and wearing a +2 ring mail of cold resistance.
A deep troll comes into view.
The orc warlord completely misses you. The orc knight completely misses you.
A vampire mage comes into view.
You slice the orc warlord with the cursed +1 scimitar "Lethargy of Ashenzari"!!
The orc warlord is moderately wounded.
You hit the orc warlord with your +2 scimitar of freezing.
You freeze the orc warlord.
The orc knight hits you from afar with a +3 antimagic halberd!!
You feel your power leaking away.
The orc warlord hits you with a +5 great sword of flaming!!
The orc warlord burns you.
You slice the orc warlord with your +2 scimitar of freezing!!
You freeze the orc warlord.
The orc warlord is heavily wounded.
You slice the orc warlord with the cursed +1 scimitar "Lethargy of Ashenzari"!!
You slash the orc warlord with the cursed +1 scimitar "Lethargy of Ashenzari"!
The orc warlord is severely wounded.
You hit the orc warlord with your +2 scimitar of freezing.
You freeze the orc warlord.
The orc warlord hits you with a +5 great sword of flaming!!
* * * LOW HITPOINT WARNING * * *
The orc warlord burns you.
* * * LOW HITPOINT WARNING * * *
The orc knight hits you but does no damage.
You feel much better.
The orc warlord hits you with a +5 great sword of flaming!!
* * * LOW HITPOINT WARNING * * *
The orc warlord burns you.
You die...

*,,,,,,,,,,,'........
*,,........,#........
*,,,......,,#........
***#####'#**#........
##.....## #........
#(.oo..=# #........
*#ppVT.#* #########
####o########........
#...@.......#........
#...........'........
#...........#........
#############........
*********#.....### ***
*,,,,,,,*#^....#
**,***,,,,,,,*#...^.#
**,,,**,,,,,,,*#.....#**
*,,<,,+,,,,,,,*#.....+,,


You could see an orc warlord (strong), an ironbound preserver, 2 orc knights, a
deep troll, a vampire mage and an ironbound convoker (catching breath).

Vanquished Creatures
  2 sphinxes (Vaults:2)
  Gastronok (Lair:1)
  A tengu reaver (Vaults:1)
  5 vault wardens
  Louise (D:14)
  3 formless jellyfish
  An orc warlord (Vaults:1)
  12 ironbound preservers
  7 ironbound thunderhulks
  A very ugly thing (Vaults:3)
  Azrael (D:13)
  6 dire elephants
  A minotaur (D:11)
  A war gargoyle (Vaults:2)
  An ettin (D:15)
  4 entropy weavers
  3 yaktaur captains
  6 great orbs of eyes
  A hydra (D:12)
  A peacekeeper (Vaults:2)
  8 vault guards
  11 centaur warriors
  4 ironbound frosthearts
  6 two-headed ogres
  Erica (D:8)
  An ogre mage (D:13)
  4 boulder beetles
  2 death knights
  An occultist (D:15)
  5 tengu warriors
  A deep elf knight (D:13)
  22 deep trolls (Vaults:2)
  A mana viper (shapeshifter) (Vaults:2)
  A glowing orange brain (Vaults:1)
  5 harpies (Vaults:1)
  6 ironbound convokers
  4 arcanists
  A deep elf pyromancer (D:15)
  A phantasmal warrior (Vaults:1)
  Pikel (D:4)
  2 necromancers (D:15)
  4 lindwurms (Vaults:2)
  2 orc knights
  9 ugly things
  2 orc sorcerers (Orc:1)
  7 cyclopes
  2 manticores
  2 kobold blastminers (Orc:1)
  2 torpor snails
  A black mamba (shapeshifter) (D:14)
  3 black mambas (Lair:1)
  A smoke demon (D:11)
  10 vault sentinels
  2 gargoyles (D:13)
  4 cane toads
  Maggie (D:8)
  An orange demon (D:11)
  3 komodo dragons
  21 yaktaurs
  An ice devil (D:11)
  A tengu conjurer (D:15)
  Psyche (D:8)
  3 trolls
  A red devil (D:11)
  3 hellwings (D:11)
  2 hornets
  4 blink frogs
  A tarantella (Vaults:2)
  A jumping spider (Vaults:1)
  Sigmund (D:2)
  A centaur simulacrum (D:14)
  12 slime creatures
  A culicivora (shapeshifter) (D:9)
  A vampire (D:13)
  A spriggan (shapeshifter) (D:13)
  3 wraiths
  4 shadows
  4 wargs
  A human (D:13)
  4 basilisks
  28 yaks
  2 wyverns (Lair:2)
  7 vampire mosquitoes
  3 steam dragons
  3 fire elementals (D:13)
  A human (shapeshifter) (D:15)
  5 redbacks
  2 chaos spawn (D:11)
  3 swamp worms (Lair:1)
  2 acid dragons
  8 water moccasins
  2 hell hounds (D:13)
  A swamp drake (Lair:2)
  2 ice beasts
  3 black bears
  4 laughing skulls
  12 orc warriors
  A sky beast (D:7)
  10 centaurs
  An ogre (D:5)
  A lemure (D:4)
  A weeping skull (D:8)
  9 bullfrogs
  A kobold brigand (D:9)
  A gnoll sergeant (D:9)
  A scorpion (D:6)
  2 wights
  10 killer bees
  6 howler monkeys
  A bombardier beetle (D:5)
  A jelly (D:6)
  5 hounds
  7 orc priests
  2 gnoll boudas (D:9)
  5 iguanas
  A sleepcap (D:5)
  Crazy Yiuf (D:2)
  Natasha (thrice) (D:2)
  10 orc wizards
  4 adders
  4 white imps
  8 ufetubi
  3 dart slugs
  4 ribbon worms
  35 orcs
  4 ball pythons
  6 bats
  7 endoplasms
  2 giant cockroaches (D:4)
  8 goblins
  11 hobgoblins
  3 jackals (D:2)
  4 quokkas
  A frilled lizard (D:3)
  11 kobolds
  6 rats
  A spectral orc (D:8)
565 creatures vanquished.

Vanquished Creatures (collateral kills)
  2 crystal guardians (Vaults:3)
  A vault guard (Vaults:2)
  A peacekeeper (Vaults:3)
  2 two-headed ogres (D:10)
  2 deep trolls (Vaults:2)
  An ugly thing (D:10)
  A yak (D:10)
  A shadow (D:10)
  A fire elemental (D:13)
  An orc warrior (D:10)
  A wight (D:10)
14 creatures vanquished.

Vanquished Creatures (others)
  A dart slug (D:2)
1 creature vanquished.

Grand Total: 580 creatures vanquished

Notes
Turn   | Place    | Note
-------+----------+-------------------------------------------
     0 | D:1      | spidder the Coglin Gladiator began the quest for the Orb.
     0 | D:1      | Reached XP level 1. HP: 16/16 MP: 1/1
   108 | D:1      | Reached XP level 2. HP: 22/22 MP: 2/2
   338 | D:1      | Reached XP level 3. HP: 28/28 MP: 3/3
   472 | D:1      | Reached skill level 1 in Armour
   879 | D:2      | Reached XP level 4. HP: 32/34 MP: 4/4
   978 | D:2      | Found a runed translucent door.
   979 | D:2      | Noticed Crazy Yiuf
  1026 | D:2      | Noticed Sigmund
  1036 | D:2      | Killed Sigmund
  1037 | D:2      | Reached XP level 5. HP: 32/41 MP: 5/5
  1037 | D:2      | Reached XP level 6. HP: 36/47 MP: 6/6
  1118 | D:2      | Noticed Natasha
  1127 | D:2      | Killed Natasha
  1355 | D:2      | Noticed Natasha
  1362 | D:2      | Killed Natasha
  1374 | D:2      | Noticed Natasha
  1384 | D:2      | Killed Natasha
  1698 | D:2      | Paralysed by Crazy Yiuf for 1 turns
  1702 | D:2      | Killed Crazy Yiuf
  2095 | D:3      | Found a broken altar of Ashenzari.
  2260 | D:3      | Reached skill level 1 in Evocations
  2549 | D:3      | Became a worshipper of Ashenzari the Shackled
  2642 | D:3      | Reached XP level 7. HP: 19/53 MP: 7/7
  3207 | D:4      | Noticed Pikel
  3237 | D:4      | Killed Pikel
  3238 | D:4      | Reached skill level 5 in Long Blades
  3238 | D:4      | Reached XP level 8. HP: 9/61 MP: 8/8
  3602 | D:4      | Found an iron altar of Okawaru.
  3906 | D:5      | Entered Level 5 of the Dungeon
  4361 | D:5      | Reached skill level 5 in Fighting
  4785 | D:5      | Reached skill level 5 in Dodging
  5167 | D:6      | Reached XP level 9. HP: 68/68 MP: 9/9
  5359 | D:6      | Reached skill level 5 in Evocations
  5560 | D:6      | Reached * piety under Ashenzari
  5560 | D:6      | Reached ** piety under Ashenzari
  5901 | D:7      | Found a staircase to the Ecumenical Temple.
  6247 | D:7      | Found Gamon's Magic Scroll Shop.
  6481 | D:7      | Found a glowing golden altar of the Shining One.
  6756 | D:8      | Found a basalt altar of Yredelemnul.
  6860 | D:8      | Reached skill level 5 in Armour
  7019 | D:8      | Noticed a two-headed ogre
  7022 | D:8      | Noticed Psyche
  7031 | D:8      | Killed Psyche
  7032 | D:8      | Reached XP level 10. HP: 79/79 MP: 10/10
  7034 | D:8      | Noticed Maggie
  7036 | D:8      | Killed a two-headed ogre
  7049 | D:8      | Killed Maggie
  7108 | D:8      | Noticed Erica
  7118 | D:8      | Killed Erica
  7641 | D:9      | Noticed a two-headed ogre
  7667 | D:9      | Killed a two-headed ogre
  7721 | D:9      | Reached *** piety under Ashenzari
  7865 | D:9      | Noticed a centaur warrior
  7873 | D:9      | Killed a centaur warrior
  7874 | D:9      | Reached skill level 10 in Long Blades
  7874 | D:9      | Reached XP level 11. HP: 48/89 MP: 11/11
  7936 | D:9      | Noticed a cyclops
  8013 | D:9      | Killed a cyclops
  8127 | D:9      | Noticed a death knight
  8141 | D:9      | HP: 4/89 [mirror damage (8)]
  8159 | D:9      | Killed a death knight
  8482 | D:9      | Identified the Almanac of Nocuous Flames
  8575 | D:9      | Found Lahok's Weapon Shoppe.
  8590 | D:9      | Noticed a two-headed ogre
  8598 | D:9      | Killed a two-headed ogre
  8756 | D:9      | Noticed a tengu warrior
  8766 | D:9      | Killed a tengu warrior
  8824 | D:9      | Found a staircase to the Lair.
  8931 | D:9      | Found an ornate altar of the Wu Jian Council.
  8965 | D:9      | Upgraded the game from 0.32-a0-905-g2ec9e35 to
                  | 0.32-a0-906-gab96632
  9172 | D:10     | Entered Level 10 of the Dungeon
  9242 | D:10     | Noticed a two-headed ogre
  9259 | D:10     | Noticed a two-headed ogre
  9269 | D:10     | Noticed a brown ugly thing
  9270 | D:10     | Noticed a green ugly thing
  9270 | D:10     | Killed a two-headed ogre
  9273 | D:10     | Killed a two-headed ogre
  9277 | D:10     | Reached XP level 12. HP: 97/97 MP: 12/12
  9311 | D:10     | Found an ornate altar of the Wu Jian Council.
  9618 | D:10     | Noticed a two-headed ogre
  9621 | D:10     | Killed a two-headed ogre
  9645 | D:10     | Noticed a two-headed ogre
  9650 | D:10     | Killed a two-headed ogre
  9682 | D:10     | Found a stormy altar of Qazlal.
  9710 | D:10     | Found a staircase to the Orcish Mines.
  9889 | D:10     | Gained mutation: You are frail. (-10% HP) [potion of
                  | mutation]
  9889 | D:10     | Gained mutation: You expend magic power (3 MP) to
                  | strengthen your wands. [potion of mutation]
  9890 | D:10     | Lost mutation: You are frail. (-10% HP) [potion of
                  | mutation]
  9890 | D:10     | Lost mutation: You expend magic power (3 MP) to strengthen
                  | your wands. [potion of mutation]
  9890 | D:10     | Gained mutation: Your flesh is heat resistant. (rF+)
                  | [potion of mutation]
 10015 | Lair:1   | Entered Level 1 of the Lair of Beasts
 10083 | Lair:1   | Reached skill level 10 in Evocations
 10181 | Lair:1   | Reached **** piety under Ashenzari
 10181 | Lair:1   | Reached ***** piety under Ashenzari
 10218 | Lair:1   | Noticed Gastronok
 10225 | Lair:1   | Killed Gastronok
 10880 | D:11     | Found a runed translucent door.
 11005 | D:11     | Identified the +2 mace of Destruction {vamp, Dex+3}
 11005 | D:11     | Noticed a minotaur
 11023 | D:11     | Killed a minotaur
 11024 | D:11     | Reached XP level 13. HP: 72/106 MP: 13/13
 11343 | D:11     | Identified the +4 hand axe "Eniamell" {heavy, rF+ Stlth+}
 12533 | Lair:2   | Found an ancient bone altar of Kikubaaqudgha.
 12882 | Lair:2   | Reached skill level 10 in Fighting
 13121 | Orc:1    | Entered Level 1 of the Orcish Mines
 13343 | Orc:1    | Upgraded the game from 0.32-a0-906-gab96632 to
                  | 0.32-a0-913-g739538a
 13966 | D:12     | Identified the +2 sling of Weras {heavy, Int+4 Dex+3}
 14531 | D:13     | Reached XP level 14. HP: 115/116 MP: 14/14
 14531 | D:13     | Acquired an actuated assembler {RevParry, rPois rCorr
                  | Slay+3}
 14604 | D:13     | Noticed Azrael
 14616 | D:13     | Killed Azrael
 14829 | D:13     | Found a gate to the Vaults.
 14852 | D:13     | Reached skill level 10 in Dodging
 15449 | D:14     | Noticed Louise
 15457 | D:14     | Killed Louise
 15490 | D:14     | Reached skill level 10 in Armour
 16382 | D:15     | Entered Level 15 of the Dungeon
 16651 | D:15     | Identified a scroll of acquirement
 16699 | D:15     | Acquired the +2 cloak "Alaob" {rPois Regen+ Dex-2 SInv}
 16895 | D:15     | Found a staircase to the Depths.
 17308 | Vaults:1 | Entered Level 1 of the Vaults
 17390 | Vaults:1 | Reached XP level 15. HP: 36/119 MP: 15/15
 17561 | Vaults:1 | Noticed a vault warden
 17569 | Vaults:1 | Killed a vault warden
 17951 | Vaults:1 | Noticed a tengu reaver
 17977 | Vaults:1 | Reached skill level 15 in Long Blades
 18033 | Vaults:1 | Killed a tengu reaver
 18088 | Vaults:1 | Identified the +2 chain mail of Gaepluad {rF- Dex+4}
 18186 | Vaults:1 | Noticed an orc warlord
 18196 | Vaults:1 | Killed an orc warlord
 18636 | Vaults:1 | Noticed a vault warden
 18671 | Vaults:1 | Killed a vault warden
 18971 | Vaults:2 | Found Rusei's Antique Weapon Shop.
 18998 | Vaults:2 | Noticed a vault warden
 19018 | Vaults:2 | Killed a vault warden
 19019 | Vaults:2 | Reached skill level 15 in Evocations
 19019 | Vaults:2 | Reached XP level 16. HP: 28/129 MP: 16/16
 19303 | Vaults:2 | Paralysed by a formless jellyfish for 1 turns
 19306 | Vaults:2 | Paralysed by a formless jellyfish for 1 turns
 19567 | Vaults:2 | Noticed a sphinx
 19567 | Vaults:2 | Paralysed by a sphinx for 4 turns
 19574 | Vaults:2 | Killed a sphinx
 20388 | Vaults:2 | Identified the +1 short sword of the Fifty Underlurkers
                  | {venom, rN+ Will+ Str-4 SInv}
 20460 | Vaults:2 | Reached XP level 17. HP: 85/137 MP: 17/17
 20713 | Vaults:2 | Noticed a sphinx
 20715 | Vaults:2 | Paralysed by a sphinx for 2 turns
 20720 | Vaults:2 | Killed a sphinx
 21212 | Vaults:3 | HP: 4/138 [orc warlord/+5 great sword of flaming (26)]
 21212 | Vaults:3 | Slain by an orc warlord

Illustrated notes

Levels and vault maps discovered:
D:1:      scummos_arrival_simple_fountains, layout_basic, minmay_misc_feat_roman
D:2:      layout_basic, uniq_crazy_yiuf_cottage, uniq_natasha, uniq_sigmund
D:3:      layout_basic, nicolae_ashenzari_panopticon, nicolae_wormholes
D:4:      layout_basic, kennysheep_mini_moat, nicolae_figureground_sparkle,
          uniq_pikel
D:5:      layout_cave_pools, corexii_leaking_fountain, nicolae_nh_ransacked_shop
D:6:      layout_basic, st_stairs_10, lemuel_flamethrower_1
D:7:      layout_cave_pools, nicolae_tso_carved_into_rock,
          minmay_temple_entry_wispy, serial_shops, nicolae_shop_behind_doors,
          wad_floor_pattern_untrapped
D:8:      layout_loops_cross, yredelemnul_forgotten_temple_becter, uniq_maggie,
          uniq_erica, uniq_psyche
D:9:      minmay_the_grid_four_pointed_star
          [minmay_the_grid_triangle_9x9_intruding_spiral,
          minmay_the_grid_triangle_9x9_thin_v,
          minmay_the_grid_triangle_9x9_flanged_cone,
          minmay_the_grid_triangle_9x9_wacky_v,
          minmay_the_grid_prize_shrinking_boxes], layout_cave_pools,
          mainiacjoe_overflow_boulevard, dpeg_lair_monsters,
          serial_column_ruins, column_ruins_hut, column_ruins_square_huge,
          column_ruins_open_large, column_ruins_grid_3,
          column_ruins_columns_straight, column_ruins_grid_1,
          column_ruins_open_small, column_ruins_open_medium_water,
          column_ruins_columns_straight, serial_shops, shop
D:10:     layout_roguey, lemuel_round_altar, orc_0_dummy, minmay_ruined_shrine
D:11:     layout_long_grid, serial_demonic, serial_demonic_c, serial_demonic_f,
          serial_demonic_a, serial_demonic_d, mainiacjoe_labyrinth_nostalgia
D:12:     layout_basic, kennysheep_generic_room_10
D:13:     layout_rooms, grunt_vaults_entry_fortified, uniq_azrael
D:14:     layout_basic, minmay_misc_feat_secret_circle, roderic_three_in_a_row,
          serial_bayou_pond_a, uniq_louise
D:15:     hangedman_depths_entry_civil_slaughter, layout_grid_maze
Lair:1:   layout_roguey, worms_lemuel, uniq_gastronok
Lair:2:   layout_loops_ring, basic_altar, pond, lemuel_fruit_fields
Orc:1:    layout_caves
Vaults:1: vaults_dpeg_spiral, nicolae_vaults_offset_grid_hallway_4,
          v_alt_pattern_1, v_alt_pattern_5, vaults_room_glass_cross,
          ontoclasm_vaults_shuriken, vaults_room_corners, hangedman_vaults_trim,
          nicolae_vaults_weapon_check, layout_vaults_omnicross
Vaults:2: nicolae_vaults_trapezoid_2, vaults_standard_mumra_lines,
          nicolae_vaults_little_ls, grunt_vaults_twisty,
          nicolae_vaults_apartment_1, nicolae_vaults_what_the_h,
          nicolae_vaults_shipping_containers_1,
          nicolae_vaults_storage_closets_1, ontoclasm_vaults_fault,
          vaults_room_door_hall, grunt_vaults_swirl, layout_vaults_omnibox,
          serial_shops, shop
Vaults:3: v_misc_10, nicolae_vaults_offset_grid_hallway_2,
          minmay_crypt_entry_simple_corners, hangedman_vaults_maws,
          ontoclasm_vaults_misaligned, nicolae_vaults_security_offices_3,
          nicolae_vaults_rhombus_5, vaults_mumra_hex,
          nicolae_vaults_trapezoid_1, nicolae_vaults_sesquioval_fish, v_misc_23,
          nicolae_vaults_layer_cake_slice, vaults_standard_mumra_x,
          nicolae_vaults_diamond_1, nicolae_vaults_little_squares_3,
          layout_vaults_ring

Skill      XL: |  1  2  3  4  5  6  7  8  9 10 11 12 13 14 15 16 |
---------------+-------------------------------------------------+-----
Dodging        | 3 4 5 6 7 8 9 10 11 12 | 12.8
Armour         | 1 2 3 4 5 6 7 8 9 10 11 12 | 12.6
Fighting       | 3 4 5 6 7 8 9 10 11 12 13 | 13.9
Long Blades    | 4 5 6 8 10 11 12 13 14 15 16 | 16.4
Evocations     | 1 3 4 6 7 9 10 12 13 15 16 | 16.8
Throwing       | |  1.7

Action                     |  1- 3 |  4- 6 |  7- 9 | 10-12 | 13-15 | 16-18 || total
---------------------------+-------+-------+-------+-------+-------+-------++-------
  Melee: Long sword        |    58 |   124 |   291 |    21 |       |       ||   494
         Dagger            |    53 |   116 |   178 |       |       |       ||   347
         Scimitar          |       |       |   107 |   471 |  1382 |   836 ||  2796
 Invoke: Curse Item        |       |       |     3 |     3 |       |       ||     6
         Shatter the Chain |       |       |       |       |     1 |       ||     1
Ability: Invent Gizmo      |       |       |       |       |     1 |       ||     1
  Evoke: Wand              |       |       |     4 |    11 |    19 |     3 ||    37
         Sack of spiders   |       |       |       |     2 |     4 |     2 ||     8
         Lightning rod     |       |       |       |     6 |     4 |       ||    10
    Use: Scroll            |     2 |     1 |     7 |     2 |     5 |     1 ||    18
         Potion            |       |       |       |     6 |     4 |     3 ||    13
   Stab: Sleeping          |     1 |       |       |     3 |     3 |       ||     7
         Distracted        |       |       |       |     1 |     5 |       ||     6
         Confused          |       |       |       |     2 |       |     2 ||     4
         Held in net/web   |       |       |       |       |     2 |       ||     2
 Armour: Leather armour    |    12 |       |       |       |       |       ||    12
         Ring mail         |    26 |    89 |   305 |    39 |       |       ||   459
         Acid dragon scale |       |       |       |    84 |   483 |   318 ||   885
  Dodge: Dodged            |    45 |    84 |   284 |   175 |   487 |   387 ||  1462

Table legend: (Time is in decaauts)
 A = Elapsed time spent in this place.
 B = Non-inter-level travel time spent in this place.
 C = Inter-level travel time spent in this place.
 D = Time resting spent in this place.
 E = Time spent auto-exploring this place.
 F = Levels seen in this place.
 G = Mean time per level.
                   A        B        C        D        E       F      G
               +--------+--------+--------+--------+--------+-----+--------+
         Total |  20860 |  19342 |   1518 |      0 |  15766 |  21 |  993.3 |
       Dungeon |  15142 |  13844 |   1298 |      0 |  11636 |  15 | 1009.5 |
          Lair |   1654 |   1534 |    120 |      0 |   1238 |   2 |  827.0 |
  Orcish Mines |    366 |    349 |     17 |      0 |    267 |   1 |  366.0 |
        Vaults |   3696 |   3615 |     81 |      0 |   2624 |   3 | 1232.0 |
               +--------+--------+--------+--------+--------+-----+--------+

Top non-repeatable levels by time:
Vaults:2: 1947 daAuts
     D:9: 1624 daAuts
Vaults:1: 1592 daAuts
    D:11: 1326 daAuts
     D:5: 1202 daAuts
     D:2: 1201 daAuts
    D:13: 1096 daAuts
    D:14: 1036 daAuts
     D:3: 1034 daAuts
    D:10: 1010 daAuts
     D:8: 898 daAuts
     D:4: 897 daAuts
  Lair:1: 870 daAuts
    D:15: 802 daAuts
     D:7: 799 daAuts
